 Dungeon Sprint DCSS version 0.31-a0-986-g5e6e4ef867 (webtiles) character file.

Game seed: 17886866893931105736

2 rocky1 the Ruffian (level 1, 0/15 HPs)
             Began as a Demonspawn Shapeshifter on Nov 17, 2023.
             Slain by Jessica
             ... wielding a +0 club
              (6 damage)
             ... in the Dungeon (Sprint III: "The Ten Rune Challenge").
             The game lasted 00:00:06 (19 turns).

rocky1 the Ruffian (Demonspawn Shapeshifter)          Turns: 19, Time: 00:00:07

Health: 0/15       AC:  2    Str: 14    XL:     1   Next: 25%
Magic:  1/1        EV: 12    Int: 11    God:
Gold:   9          SH:  0    Dex: 12    Spells: 0/0 levels left

rFire   . .          .
                       - Unarmed
rCold   . . .        (no shield)
rNeg    . . .        a - +0 animal skin
rPois   .            (helmet currently unavailable)
rElec   .            (cloak currently unavailable)
rCorr   .            (gloves currently unavailable)
SInv    .            (boots currently unavailable)
Will    .....        (no amulet)
Stlth   +            (no ring)
HPRegen 0.22/turn    (no ring)
MPRegen 0.07/turn

%: no teleportation
@: beast-form, slowed, very slow
A: beast (slay +1)
a: Begin Untransformation


You were in the Dungeon.
You were a hulking beast.
You visited 1 branch You collected 9 gold pieces.

Inventory:

Armour
 a - a +0 animal skin (worn)
Talismans
 c - a beast talisman
 d - a flux talisman
Scrolls
 j - a scroll of blinking
Potions
 b - a potion of lignification
 e - a potion of curing
 f - a potion of heal wounds
 g - a potion of haste
 h - 2 potions of magic
 i - a potion of berserk rage


   Skills:
 + Level 1.0 Fighting
 + Level 1.8 Dodging
 + Level 3.1 Unarmed Combat
 + Level 3.0 Shapeshifting


You couldn't memorise any spells.
You didn't know any spells.
Your spell library was empty.

Dungeon Overview and Level Annotations

Branches:
Dungeon (1/1)

Altars:

Annotations:
D Jessica


Message History

Welcome, rocky1 the Demonspawn Shapeshifter. [Dungeon Sprint] Press ? for a list of commands and other information.
Found a staircase leading out of the dungeon.
You open the door.
An endoplasm comes into view.
Found 9 gold pieces.
A rat comes into view.
There is an open door here.
The helpless endoplasm fails to defend itself.
You hit the endoplasm.
The endoplasm is severely wounded.
You hit the endoplasm.
You kill the endoplasm!
Your Shapeshifting skill increases to level 3!
You hit the rat.
You kill the rat!
Your Unarmed Combat skill increases to level 3!
No target in view!
No target in view!
You see here a rat corpse.
You now have 9 gold pieces.
You open the door.
Jessica the Apprentice Sorceress comes into view.
She is wielding a +0 club and carrying a wand of flame.
A rat comes into view.
Found a hand axe.
Jessica misses you.
There is an open door here.
You barely miss Jessica. Jessica closely misses you.
You barely miss Jessica. Jessica gestures at you while chanting.
You feel yourself slow down. The rat barely misses you.
You barely miss Jessica.
Jessica casts a spell.
Jessica seems to speed up.
The rat bites you.
You closely miss Jessica. Jessica hits you with a +0 club. The rat bites you.
Jessica hits you with a +0 club.
You die...

▓▓▓▓
▓<.#
▓..#
▓#'####
▓..†..#
▓.....#
▓.....#
▓####h#
▓)..r@#
▓.....#
▓.....#
▓+#####


You could see Jessica (fast) and a rat.

Vanquished Creatures
  An endoplasm (D)
  A rat (D)
2 creatures vanquished.

Notes
Turn   | Place    | Note
-------+----------+-------------------------------------------
     0 | D        | rocky1 the Demonspawn Shapeshifter began the quest for the
                  | Orb.
     0 | D        | Reached XP level 1. HP: 15/15 MP: 1/1
    14 | D        | Noticed Jessica
    19 | D        | Slain by Jessica

Illustrated notes

Levels and vault maps discovered:
D:        dungeon_sprint_mu [sprint_mu_entry_forest, sprint_mu_temple_rooms,
          sprint_mu_d1_horrors, sprint_mu_d2_genie, sprint_mu_d3_branching,
          sprint_mu_orc_legion, sprint_mu_elf_gauntlet, sprint_mu_hive_nellie,
          sprint_mu_lair_fedhas, sprint_mu_vaults_butterflies,
          sprint_mu_slime_circle, sprint_mu_shoals_archi,
          sprint_mu_snake_twists, sprint_mu_blade_basic, sprint_mu_crypt_lich,
          sprint_mu_tomb_spiral, sprint_mu_vestibule_basic,
          sprint_mu_gehenna_hellfire, sprint_mu_dis_giant,
          sprint_mu_tartarus_statrot, sprint_mu_cocytus_islands, sprint_mu_zot1]

Skill      XL: |  1 |
---------------+----+-----
Shapeshifting  | 3 |  3.0
Unarmed Combat | 3 |  3.1
Fighting       | |  1.0
Dodging        | |  1.8

Action                     || total
---------------------------++-------
  Melee: Unarmed           ||     7
   Stab: Sleeping          ||     1
 Armour: Animal skin       ||     4
  Dodge: Dodged            ||     3

Table legend: (Time is in decaauts)
 A = Elapsed time spent in this place.
 B = Non-inter-level travel time spent in this place.
 C = Inter-level travel time spent in this place.
 D = Time resting spent in this place.
 E = Time spent auto-exploring this place.
 F = Levels seen in this place.
 G = Mean time per level.
                   A        B        C        D        E       F      G
               +--------+--------+--------+--------+--------+-----+--------+
         Total |     18 |     18 |      0 |      0 |      0 |   1 |   18.0 |
       Dungeon |     18 |     18 |      0 |      0 |      0 |   1 |   18.0 |
               +--------+--------+--------+--------+--------+-----+--------+

Top non-repeatable levels by time:
       D: 18 daAuts
